 Dungeon Crawl Stone Soup version 0.28-a0-381-g937acc2988 (webtiles) character file.

Game seed: 5807678898982648444

29 lunkers the Ruffian (level 3, -1/33 HPs)
             Began as a Minotaur Cinder Acolyte on Sept 1, 2021.
             Was a High Priest of Ignis.
             Slain by Sigmund (5 damage)
             ... on level 2 of the Dungeon.
             The game lasted 00:02:28 (1555 turns).

lunkers the Ruffian (Minotaur Cinder Acolyte)       Turns: 1555, Time: 00:02:29

Health: -1/33      AC:  8    Str: 20    XL:     3   Next: 1%
Magic:  3/3        EV:  7    Int: 10    God:    Ignis [*****.]
Gold:   33         SH:  0    Dex:  5    Spells: 3/4 levels left

rFire   + . .      SeeInvis .     - Unarmed
rCold   . . .      Faith    .   (no shield)
rNeg    . . .      Spirit   .   g - +0 chain mail
rPois   .          Reflect  .   (helmet restricted)
rElec   .          Harm     .   (no cloak)
rCorr   .          Rampage  .   (no gloves)
Will    .....                   (no boots)
Stlth   ..........              (no amulet)
HPRegen 0.11/turn               (no ring)
MPRegen 0.08/turn               (no ring)

@: attractive
A: horns 2, retaliatory headbutt
a: Renounce Religion, Sea of Fire, Foxfire Swarm, Rising Flame


You were on level 2 of the Dungeon.
You worshipped Ignis.
Ignis was extremely pleased with you.
You visited 1 branch of the dungeon, and saw 2 of its levels.

You collected 33 gold pieces.

Inventory:

Armour
 a - a +0 robe
 g - a +0 chain mail (worn)
Jewellery
 h - an amulet of regeneration
 i - a ring of poison resistance
Scrolls
 b - a scroll of torment {unknown}
 c - a scroll of enchant weapon {unknown}
 e - 2 scrolls of identify {unknown}
 f - a scroll of magic mapping {unknown}


   Skills:
 + Level 4.1 Fighting
 * Level 4.2 Unarmed Combat
 - Level 1.0 Spellcasting
 - Level 0.6 Fire Magic


You had 3 spell levels left.
You knew the following spells:

 Your Spells              Type           Power      Damage    Failure   Level
p - Foxfire               Conj/Fire      4%         2x1d4     98%         1

Your spell library contained the following spells:

 Spells                   Type           Power      Damage    Failure   Level
 Gell's Gravitas          Tloc           0%         N/A       100%        3
 Lesser Beckoning         Tloc           0%         N/A       100%        3
 Teleport Other           Tloc           0%         N/A       100%        3


Dungeon Overview and Level Annotations

Branches:
Dungeon (2/15)

Altars:

Annotations:
D:2 Sigmund


Innate Abilities, Weirdness & Mutations

You have a pair of horns on your head.
You reflexively headbutt those who attack you in melee.


Message History

Something hits you!
You cannot move.
You cannot move.
Something hits you.
You cannot move.
You cannot move.
You cannot move.
You feel less wooden.
Your +0 chain mail unmelds from your body.
You hear a zap.
Something tries to affect you, but you resist.
You barely miss something. You punch something!
You hear a zap.
Something tries to affect you, but you resist.
You closely miss something. Your headbutt misses something. Something hits you!
* * * LOW HITPOINT WARNING * * *
It was a potion of attraction.
You feel attractive to monsters.
Unknown command.
You miss something. Your headbutt misses something. Something hits you.
* * * LOW HITPOINT WARNING * * *
You closely miss something. Something hits you but does no damage.
Unknown command.
You miss something. Your headbutt misses something.
Unknown command.
You barely miss something. Your headbutt misses something. You punch something.
You hear some strange, mumbled words.
Something tries to affect you, but you resist.
Unknown command.
You closely miss something. Something hits you!
* * * LOW HITPOINT WARNING * * *
Unknown command.
You miss something. Something hits you.
* * * LOW HITPOINT WARNING * * *
You closely miss something. You barely miss something.
Something hits you but does no damage.
You closely miss something. Your headbutt misses something. You hit something.
Something completely misses you.
You closely miss something. Something hits you.
You die...

#.# #.#.##.
#.# #.#
#.#.##. #..
#.####.## #
##.
#........ #.
#.####...##
#. #.# ..#
#. #.#
##...## ..
#.###.......
#.
#...@{......
#.
#.###.......
#. #.#
##.$.#. #.
#.. .... ###
###


There were no monsters in sight!

Vanquished Creatures
  A worm (D:2)
  A dart slug (D:1)
  An endoplasm (D:1)
  3 giant cockroaches
  3 goblins
  4 hobgoblins
  2 ball pythons (D:2)
  2 bats (D:1)
  3 kobolds
  2 rats (D:2)
22 creatures vanquished.

Vanquished Creatures (others)
  18 foxfires (D:1)
18 creatures vanquished.

Grand Total: 40 creatures vanquished

Notes
Turn   | Place    | Note
-------+----------+-------------------------------------------
     0 | D:1      | lunkers the Minotaur Cinder Acolyte began the quest for the
                  | Orb.
     0 | D:1      | Reached XP level 1. HP: 19/19 MP: 1/1
   249 | D:1      | Reached XP level 2. HP: 27/27 MP: 0/2
  1508 | D:2      | Reached XP level 3. HP: 33/33 MP: 3/3
  1520 | D:2      | Noticed Sigmund
  1555 | D:2      | Slain by Sigmund

Illustrated notes

Levels and vault maps discovered:
D:1:      shiori_arrival_elements, layout_basic, minivault_23
D:2:      layout_loops_ring, uniq_sigmund

Skill      XL: |  1  2 |
---------------+-------+-----
Fighting       | 4 |  4.1
Unarmed Combat | 4 |  4.2
Spellcasting   | |  1.0
Fire Magic     | |  0.6

Action                   || total
-------------------------++-------
Melee: Unarmed           ||    67
       Headbutt          ||     7
       Punch             ||     2
 Cast: Foxfire           ||    13
  Use: Potion            ||     1
Armor: Robe              ||     3
       Chain mail        ||    18
       Skin              ||     3
Dodge: Dodged            ||    22

Table legend: (Time is in decaauts)
 A = Elapsed time spent in this place.
 B = Non-inter-level travel time spent in this place.
 C = Inter-level travel time spent in this place.
 D = Time resting spent in this place.
 E = Time spent auto-exploring this place.
 F = Levels seen in this place.
 G = Mean time per level.
                   A        B        C        D        E       F      G
               +--------+--------+--------+--------+--------+-----+--------+
         Total |   1549 |   1513 |     36 |    120 |   1193 |   2 |  774.5 |
       Dungeon |   1549 |   1513 |     36 |    120 |   1193 |   2 |  774.5 |
               +--------+--------+--------+--------+--------+-----+--------+

Top non-repeatable levels by time:
     D:1: 1090 daAuts
     D:2: 458 daAuts
